 Dungeon Crawl Stone Soup version 0.32-a0-928-g1cae6b7ea0 (webtiles) character file.

Game seed: 2042837958623157608

1386 Autsider the Sneak (level 8, -13/55 HPs)
             Began as an Octopode Brigand on Apr 12, 2024.
             Killed from afar by a steam dragon (16 damage)
             ... with a ball of steam
             ... on level 6 of the Dungeon.
             The game lasted 00:12:36 (4318 turns).

Autsider the Sneak (Octopode Brigand)               Turns: 4318, Time: 00:12:37

Health: -13/55     AC:  1    Str: 10    XL:     8   Next: 67%
Magic:  12/13      EV: 14    Int: 13    God:
Gold:   288        SH:  0    Dex: 16    Spells: 10/13 levels left

rFire   . . .        a - +2 dagger
rCold   . . .        (no shield)
rNeg    . . .        (helmet restricted)
rPois   .            j - amulet of regeneration
rElec   .            (no ring)
rCorr   .            (no ring)
SInv    .            (no ring)
Will    .....        (no ring)
Stlth   ++++         (no ring)
HPRegen 1.09/turn    (no ring)
MPRegen 0.13/turn    (no ring)
                     (no ring)

%: no passive effects
@: lethally poisoned (-13 -> -14), hasted, very quick
A: almost no armour, amphibious, 8 rings, camouflage 1, gelatinous body 1,
(nimble swimmer 1), tentacles
a: no special abilities


You were on level 6 of the Dungeon.
You visited 1 branch of the dungeon, and saw 6 of its levels.

You collected 372 gold pieces.
You spent 84 gold pieces at shops.

Inventory:

Hand Weapons
 a - a +2 dagger (weapon)
 r - a +1 vampiric spear
Missiles
 b - 9 poisoned darts (quivered)
 c - 3 curare-tipped darts
Armour
 n - a +1 kite shield
Jewellery
 j - an amulet of regeneration (around mantle)
Wands
 x - a wand of flame (6)
 y - a wand of iceblast (22)
Scrolls
 h - a scroll of teleportation {@r2}
 k - a scroll of enchant armour
 l - a scroll of blinking {unknown}
 m - 2 scrolls of vulnerability {unknown}
 o - 2 scrolls of revelation {unknown}
 v - a scroll of summoning {unknown}
 z - a scroll of fear {unknown}
Potions
 d - a potion of lignification {unknown}
 e - 2 potions of resistance {unknown}
 f - 2 potions of attraction {unknown}
 g - 3 potions of curing {unknown}
 i - 2 potions of brilliance {unknown}
 p - a potion of enlightenment {unknown}
 q - a potion of might {unknown}
 s - a potion of degeneration {unknown}
 t - a potion of berserk rage {unknown}
 u - 2 potions of haste
 w - 2 potions of heal wounds {unknown}


   Skills:
 - Level 5.0 Fighting
 - Level 2.0 Short Blades
 - Level 2.0 Throwing
 - Level 5.0 Dodging
 + Level 6.0 Stealth
 + Level 3.4 Spellcasting
 + Level 3.7 Conjurations
 + Level 1.1 Ice Magic
 - Level 3.0 Air Magic
 + Level 3.4 Alchemy


You had 10 spell levels left.
You knew the following spells:

 Your Spells              Type           Power      Damage    Failure   Level
a - Mephitic Cloud        Conj/Alch/Air  10%        N/A       17%         3

Your spell library contained the following spells:

 Spells                   Type           Power      Damage    Failure   Level
 Magic Dart               Conj           44%        1d5       4%          1
 Mercury Vapours          Alch/Air       20%        N/A       9%          2
 Apportation              Tloc           4%         N/A       22%         1
 Slow                     Hex            8%         N/A       22%         1
 Blink                    Tloc           4%         N/A       32%         2
 Call Imp                 Summ           4%         N/A       32%         2
 Jinxbite                 Hex            4%         N/A       32%         2
 Confusing Touch          Hex            2%         N/A       54%         3
 Vampiric Draining        Necr           2%         2d6       54%         3
 Iskenderun's Battlesphe  Conj           11%        2d7       80%         5
 Alistair's Intoxication  Alch           7%         N/A       83%         5
 Freezing Cloud           Conj/Ice/Air   4%         6-21      91%         5
 Bombard                  Conj/Erth      3%         9d1       100%        6
 Spellforged Servitor     Conj/Summ      3%         N/A       100%        7


Dungeon Overview and Level Annotations

Branches:
Dungeon (6/15)
 Temple: D:4-7

Altars:
Ashenzari
Gozag
Nemelex Xobeh
Qazlal
Trog
Wu Jian
Yredelemnul
The Shining One

Shops:
D:4 *

Annotations:
D:3 1 runed translucent door, Crazy Yiuf
D:4 exclusion: downstairs
D:5 3 runed translucent doors, shadizar's ghost, novice DjCj


Innate Abilities, Weirdness & Mutations

You cannot wear most types of armour.
You are amphibious.
You can wear up to eight rings at the same time.
Your skin changes colour to match your surroundings (Stealth+).
Your rubbery body absorbs attacks. (AC +1, EV +1)
((You are camouflaged when in or above water. (Stealth+)))
You have tentacles for arms and can constrict up to eight enemies at once.


Message History

The scorpion is severely wounded.
You constrict the scorpion.
You feel very sick. The scorpion stings you.
* * * LOW HITPOINT WARNING * * *
Unknown command.
As you read the scroll labelled KACABA SECSI, it crumbles to dust.
It is a scroll of enchant armour.
Your +0 kite shield glows green for a moment.
You constrict the scorpion.
You kill the scorpion!
You feel very sick.
Your Stealth skill increases to level 6!
Your Ice Magic skill increases to level 1!
It was a potion of haste.
You feel yourself speed up.
You feel very sick. The steam dragon bites you!
* * * LOW HITPOINT WARNING * * *
The steam dragon barely misses you.
You hit the steam dragon.
The steam dragon is lightly wounded.
You feel sick. The steam dragon misses you.
The steam dragon closely misses you.
You barely miss the steam dragon. You squeeze the steam dragon!
The steam dragon is heavily wounded.
You feel sick.
You hit the steam dragon but do no damage.
You squeeze the steam dragon!
The steam dragon is severely wounded.
You feel sick. The steam dragon barely misses you. The steam dragon claws you.
* * * LOW HITPOINT WARNING * * *
You hit the steam dragon but do no damage.
The steam dragon is severely wounded.
You feel sick.
You hit the steam dragon but do no damage.
The steam dragon is severely wounded.
You feel sick. The steam dragon breathes steam at you.
The ball of steam hits you!
You die...

##.......# ##..####.### ###
....#.##...# #.. ##.....)...####
#.# ############### #.#
....§§§☼!??(!## #.#
############### #.#
....☼○.°.....###########.######
###########+##..@D5............>
......(........#########.#.####.
.############### #.#.# ..### #s#
# #...# #D# ###.# ..: #.### ./#
#...## ## .# ###..## #####....


You could see a steam dragon (catching breath) and a shadow imp.

Vanquished Creatures
  An ice beast (D:6)
  2 ogres
  A centaur (D:6)
  2 phantoms (D:5)
  A bullfrog (D:6)
  3 scorpions
  2 bombardier beetles
  3 hounds
  A sleepcap (D:5)
  Natasha (thrice) (D:3)
  5 iguanas
  An orc wizard (D:5)
  3 gnolls (D:4)
  11 adders
  2 ufetubi (D:5)
  3 ribbon worms
  5 dart slugs
  5 orcs
  5 bats
  6 endoplasms
  3 giant cockroaches
  8 hobgoblins
  3 jackals (D:2)
  5 quokkas
  10 ball pythons
  4 frilled lizards
  7 goblins
  3 kobolds (D:1)
  2 rats
110 creatures vanquished.

Notes
Turn   | Place    | Note
-------+----------+-------------------------------------------
     0 | D:1      | Autsider the Octopode Brigand began the quest for the Orb.
     0 | D:1      | Reached XP level 1. HP: 14/14 MP: 1/1
   156 | D:1      | Reached XP level 2. HP: 12/20 MP: 2/2
   564 | D:1      | Reached XP level 3. HP: 25/26 MP: 3/3
   939 | D:2      | Reached XP level 4. HP: 33/33 MP: 4/4
  1353 | D:3      | Found a broken altar of Ashenzari.
  1359 | D:3      | Reached skill level 5 in Fighting
  1359 | D:3      | Reached XP level 5. HP: 30/39 MP: 5/5
  1448 | D:3      | Found a runed translucent door.
  1449 | D:3      | Noticed Crazy Yiuf
  1487 | D:3      | Found a stormy altar of Qazlal.
  1505 | D:3      | Noticed Natasha
  1512 | D:3      | Killed Natasha
  1792 | D:3      | Noticed Natasha
  1812 | D:3      | Killed Natasha
  1989 | D:3      | Reached XP level 6. HP: 45/45 MP: 6/6
  2140 | D:3      | Noticed Natasha
  2150 | D:3      | Killed Natasha
  2179 | D:4      | Found a sparkling altar of Nemelex Xobeh.
  2459 | D:4      | Found Ikeudwa's Assorted Antiques.
  2470 | D:4      | Bought a murky black potion for 26 gold pieces
  2470 | D:4      | Bought a scroll labelled JIYSHYHUTO for 29 gold pieces
  2470 | D:4      | Bought a scroll labelled MUROFUEMUL for 29 gold pieces
  2678 | D:4      | Reached skill level 5 in Dodging
  2678 | D:4      | Reached XP level 7. HP: 24/50 MP: 7/7
  2752 | D:4      | Reached skill level 1 in Spellcasting
  2752 | D:4      | Reached skill level 1 in Conjurations
  2752 | D:4      | Reached skill level 1 in Air Magic
  3130 | D:5      | Entered Level 5 of the Dungeon
  3533 | D:5      | Reached XP level 8. HP: 19/55 MP: 10/12
  3627 | D:5      | Found an ornate altar of the Wu Jian Council.
  3717 | D:5      | Found a runed translucent gate.
  3717 | D:5      | Found a runed translucent gate.
  3718 | D:5      | Found a runed translucent gate.
  3718 | D:5      | Found an opulent altar of Gozag.
  3724 | D:5      | Noticed shadizar's ghost (novice DjCj)
  3910 | D:6      | Learned a level 3 spell: Mephitic Cloud
  4034 | D:6      | Found a basalt altar of Yredelemnul.
  4159 | D:6      | Found a glowing golden altar of the Shining One.
  4159 | D:6      | Found a bloodstained altar of Trog.
  4159 | D:6      | Found an opulent altar of Gozag.
  4313 | D:6      | Reached skill level 6 in Stealth
  4313 | D:6      | Reached skill level 1 in Ice Magic
  4318 | D:6      | Killed from afar by a steam dragon

Illustrated notes

Levels and vault maps discovered:
D:1:      ebering_trefoil_3fold, layout_loops_ring
D:2:      layout_loops_ring, minmay_fountain_box
D:3:      layout_basic, mainiacjoe_overflow_chevrons,
          nicolae_qazlal_general_emergency, uniq_crazy_yiuf_cottage,
          uniq_natasha
D:4:      layout_cave_pods, nemelex_diamond_rough_becter, serial_shops,
          nicolae_shop_advertising_works [nicolae_subvault_shop_adworks],
          nicolae_elevator_lobby_asterisk
D:5:      layout_basic, mainiacjoe_overflow_brackets, ebering_ghost_gozag,
          skrybe_limestone_x, serial_park_tiny_1
D:6:      lemuel_ice_spiral_2, layout_basic, gammafunk_temple_overflow_claw,
          roadster_capsule_ark_zombie

Skill      XL: |  1  2  3  4  5  6  7  8 |
---------------+-------------------------+-----
Fighting       | 3 4 5 |  5.0
Dodging        | 3 5 |  5.0
Spellcasting   | 2 3 |  3.4
Conjurations   | 2 3 |  3.7
Air Magic      | 2 3 |  3.0
Alchemy        | 3 |  3.4
Stealth        | 6 |  6.0
Ice Magic      | 1 |  1.1
Short Blades   | |  2.0
Throwing       | |  2.0

Action                     |  1- 3 |  4- 6 |  7- 9 || total
---------------------------+-------+-------+-------++-------
  Melee: Dagger            |    59 |    96 |   120 ||   275
         Constrict         |     9 |    24 |    20 ||    53
         Tentacles         |     8 |    24 |    38 ||    70
  Evoke: Wand              |       |       |     9 ||     9
    Use: Scroll            |     1 |       |     2 ||     3
         Potion            |       |       |     1 ||     1
   Stab: Sleeping          |    12 |    18 |     4 ||    34
 Armour: Skin              |    20 |    33 |    67 ||   120
  Dodge: Dodged            |    20 |    45 |    81 ||   146

Table legend: (Time is in decaauts)
 A = Elapsed time spent in this place.
 B = Non-inter-level travel time spent in this place.
 C = Inter-level travel time spent in this place.
 D = Time resting spent in this place.
 E = Time spent auto-exploring this place.
 F = Levels seen in this place.
 G = Mean time per level.
                   A        B        C        D        E       F      G
               +--------+--------+--------+--------+--------+-----+--------+
         Total |   4289 |   4044 |    245 |    120 |   2926 |   6 |  714.8 |
       Dungeon |   4289 |   4044 |    245 |    120 |   2926 |   6 |  714.8 |
               +--------+--------+--------+--------+--------+-----+--------+

Top non-repeatable levels by time:
     D:4: 1051 daAuts
     D:3: 848 daAuts
     D:1: 717 daAuts
     D:5: 653 daAuts
     D:2: 593 daAuts
     D:6: 425 daAuts
